 Dungeon Crawl Stone Soup version 0.18-a0-1211-g828307d (webtiles) character file.

13976 Lathuz the Cleaver (level 11, 0/104 HPs)
             Began as a Minotaur Berserker on Feb 2, 2016.
             Was a High Priest of Trog.
             Slain by Rupert
             ... wielding a +0 battleaxe of chopping
              (1 damage)
             ... on level 14 of the Dungeon.
             The game lasted 00:29:17 (12945 turns).

Lathuz the Cleaver (Minotaur Berserker)            Turns: 12945, Time: 00:29:17

Health: 0/104      AC: 17    Str: 21    XL:     11   Next: 82%
Magic:  10/10      EV: 11    Int:  4    God:    Trog [*****.]
Gold:   462        SH:  0    Dex: 14    Spells: 0 memorised, 10 levels left

rFire  . . .     SeeInvis .     A - +1 battleaxe
rCold  + . .     Gourm    .     W - +0 storm dragon armour
rNeg   . . .     Faith    .     (shield currently unavailable)
rPois  .         Spirit   .     (helmet restricted)
rElec  +         Dismiss  .     G - +2 cloak
rCorr  .         Reflect  .     r - +0 pair of gloves
SustAt .         Harm     .     (no boots)
MR     +....                    (no amulet)
Stlth  ..........               o - ring of protection from magic
                                b - ring of protection from cold

@: exhausted, slowed, very heavily drained, very slow, somewhat resistant to
hostile enchantments, extremely unstealthy
A: retaliatory headbutt, horns 2
a: Berserk, Trog's Hand, Brothers in Arms, Burn Spellbooks, Renounce Religion


You were on level 14 of the Dungeon.
You worshipped Trog.
Trog was extremely pleased with you.
You were hungry.

You visited 1 branch of the dungeon, and saw 13 of its levels.

You collected 676 gold pieces.
You spent 214 gold pieces at shops.

Inventory:

Hand Weapons
 A - a +1 battleaxe (weapon)
Missiles
 q - 259 stones (quivered)
Armour
 r - a +0 pair of gloves (worn)
 G - a +2 cloak (worn)
 W - a +0 storm dragon armour (worn)
Jewellery
 b - a ring of protection from cold (left hand)
 n - an uncursed ring of ice
 o - a ring of protection from magic (right hand)
 w - an uncursed ring of sustain attributes
 N - an uncursed ring of stealth
 X - an uncursed ring of see invisible {unknown}
Wands
 C - a wand of polymorph (11/24)
 E - a wand of polymorph (1/24)
 I - a wand of flame (27/48)
 J - a wand of confusion (20/48)
 P - a wand of lightning (8/15)
Scrolls
 d - 2 scrolls of teleportation
 f - a scroll of identify
 i - 5 scrolls of remove curse
 j - 3 scrolls of enchant weapon
 p - 2 scrolls of fear
 x - a scroll of random uselessness {unknown}
 y - a scroll of brand weapon {unknown}
 B - a scroll of blinking {unknown}
 H - a scroll of vulnerability {unknown}
 K - 2 scrolls of immolation {unknown}
 Q - a scroll of summoning {unknown}
 S - a scroll of fog {unknown}
 U - a scroll of enchant armour {unknown}
 V - a scroll of silence {unknown}
Potions
 e - 4 potions of cancellation
 g - 2 potions of agility {unknown}
 h - a potion of curing
 k - 4 potions of invisibility {unknown}
 l - 3 potions of haste
 m - 2 potions of lignification {unknown}
 s - a potion of beneficial mutation {unknown}
 t - a potion of poison {unknown}
 u - 2 potions of flight {unknown}
 v - 3 potions of brilliance {unknown}
 z - a potion of might {unknown}
 D - 2 potions of berserk rage {unknown}
 F - a potion of resistance {unknown}
 L - 6 potions of ambrosia {unknown}
Comestibles
 a - 17 royal jellies
 c - 14 bread rations
 M - 3 fruits
 R - 3 meat rations
 T - a slice of pizza


   Skills:
 - Level 12.0(8.3) Fighting
 - Level 12.3(8.5) Axes
 + Level 10.7(7.1) Armour
 * Level 10.9(7.3) Dodging


You had 10 spell levels left.
You didn't know any spells.

Dungeon Overview and Level Annotations

Branches:
Dungeon (12/15)            Temple (0/1) D:7            Lair (0/8) D:11
    Orc (0/2) D:9

Altars:
Dithmenos
Fedhas
Kikubaaqudgha
Makhleb
Okawaru
Pakellas
Qazlal
Ru
Sif Muna
Vehumet
Xom
Yredelemnul
Zin
The Shining One

Shops:
D:4 *

Annotations:
D:10 1 exclusion
D:14 Rupert


Innate Abilities, Weirdness & Mutations

You reflexively headbutt those who attack you in melee.
You have a pair of horns on your head.


Message History

Rupert hits you with a battleaxe of chopping!
You hit Rupert. Your headbutt misses Rupert.
Rupert is almost dead.
Rupert hits you but does no damage.
You slash Rupert!
Rupert is almost dead.
You are no longer berserk.
You are exhausted.
You feel yourself slow down.
You are feeling hungry.
Rupert hits you with a battleaxe of chopping!
* * * LOW HITPOINT WARNING * * *
You hit Rupert but do no damage. Your headbutt misses Rupert.
Rupert is almost dead.
Rupert closely misses you.
Rupert hits you with a battleaxe of chopping!
* * * LOW HITPOINT WARNING * * *
x2 Rupert hits you with a battleaxe of chopping!!
* * * LOW HITPOINT WARNING * * *
You die...

#########
#....@@.#
#.#####....#
####


You could see Rupert (berserk).

Vanquished Creatures
  Erolcha (D:12)
  Urug (D:12)
  Sonja (D:12)
  An unseen horror (D:11)
  4 hill giants
  Pikel (D:4)
  2 ugly things (D:12)
  The ghost of crawlian the Insei, a novice TeMo of Nemelex Xobeh (D:9)
  Psyche (D:10)
  A komodo dragon (D:10)
  A queen bee (D:9)
  The ghost of corax the Ruffian, an amateur MiMo (D:4)
  Grinder (D:6)
  Prince Ribbit (D:5)
  A two-headed ogre (D:12)
  Sigmund (D:4)
  A spriggan (D:8)
  A wraith (D:11)
  3 yaks (D:11)
  A wyvern (D:8)
  2 steam dragons
  2 hippogriffs
  4 orc warriors
  A black bear (D:12)
  An ice beast (D:5)
  A slave (D:4)
  2 sky beasts
  7 ogres
  5 centaurs
  A big kobold (D:9)
  Blork the orc (D:6)
  2 giant frogs
  2 scorpions
  30 killer bees
  A centaur zombie (D:6)
  8 crimson imps
  2 giant frog zombies
  2 quasits
  3 orc priests
  A centaur skeleton (D:5)
  5 hounds
  3 jellies
  3 orc wizards
  Crazy Yiuf (D:4)
  3 iguanas
  6 worker ants
  3 hound skeletons
  A hound zombie (D:8)
  A worker ant zombie (D:11)
  A gnoll (D:1)
  16 adders
  2 shadow imps
  An adder skeleton (D:4)
  2 worms (D:2)
  5 giant geckos
  23 orcs
  5 giant cockroaches
  8 goblins
  9 hobgoblins
  8 jackals
  8 kobolds
  2 quokkas
  A ball python (D:2)
  10 bats
  A giant gecko skeleton (D:4)
  A giant gecko zombie (D:9)
  6 giant newts
  A jackal skeleton (D:5)
  A jackal zombie (D:5)
  7 rats
248 creatures vanquished.

Vanquished Creatures (collateral kills)
  3 killer bees (D:9)
  An orc wizard (D:11)
  2 orcs (D:11)
6 creatures vanquished.

Vanquished Creatures (others)
  A giant frog (D:4)
1 creature vanquished.

Grand Total: 255 creatures vanquished

Notes
Turn   | Place    | Note
--------------------------------------------------------------
     0 | D:1      | Lathuz the Minotaur Berserker began the quest for the Orb.
     0 | D:1      | Reached XP level 1. HP: 19/19 MP: 0/0
   133 | D:1      | Reached skill level 4 in Axes
   236 | D:1      | Reached XP level 2. HP: 16/26 MP: 1/1
   837 | D:1      | Reached skill level 5 in Axes
  1046 | D:2      | Reached XP level 3. HP: 28/31 MP: 2/2
  1445 | D:2      | Reached ** piety under Trog
  1508 | D:2      | Reached skill level 6 in Axes
  1508 | D:2      | Reached XP level 4. HP: 39/39 MP: 3/3
  1531 | D:2      | Found a blossoming altar of Fedhas.
  1599 | D:2      | Found a deep blue altar of Sif Muna.
  1747 | D:2      | Found a shadowy altar of Dithmenos.
  1763 | D:2      | Found an ancient bone altar of Kikubaaqudgha.
  1805 | D:2      | Found a glowing golden altar of the Shining One.
  2100 | D:2      | Found a basalt altar of Yredelemnul.
  2108 | D:2      | Noticed a profane servitor
  2233 | D:2      | Noticed an angel
  2759 | D:3      | Reached skill level 7 in Axes
  2759 | D:3      | Reached XP level 5. HP: 31/45 MP: 4/4
  3273 | D:4      | Noticed Sigmund
  3280 | D:4      | Killed Sigmund
  3280 | D:4      | Reached skill level 8 in Axes
  3280 | D:4      | Reached XP level 6. HP: 51/51 MP: 5/5
  3494 | D:4      | Found a radiant altar of Vehumet.
  3521 | D:4      | Found Imyhi's Assorted Antiques.
  3696 | D:4      | Noticed Crazy Yiuf
  3705 | D:4      | Killed Crazy Yiuf
  3920 | D:4      | Found a stormy altar of Qazlal.
  3941 | D:4      | Noticed Pikel
  3941 | D:4      | Noticed a slave
  3941 | D:4      | Noticed a slave
  3941 | D:4      | Noticed a slave
  3941 | D:4      | Noticed a slave
  3952 | D:4      | Reached skill level 9 in Axes
  3957 | D:4      | Killed a slave
  3962 | D:4      | Killed Pikel
  3962 | D:4      | Reached *** piety under Trog
  3962 | D:4      | Reached skill level 10 in Axes
  3962 | D:4      | Reached XP level 7. HP: 57/57 MP: 6/6
  4017 | D:4      | Reached skill level 11 in Axes
  4295 | D:4      | Noticed corax's ghost (amateur MiMo)
  4314 | D:4      | Killed corax's ghost
  4314 | D:4      | Reached XP level 8. HP: 64/64 MP: 7/7
  4317 | D:4      | Reached skill level 12 in Axes
  4815 | D:5      | Entered Level 5 of the Dungeon
  4941 | D:5      | Noticed Prince Ribbit
  4951 | D:5      | Killed Prince Ribbit
  5913 | D:6      | Noticed Grinder
  5913 | D:6      | Paralysed by Grinder for 3 turns
  5951 | D:6      | Paralysed by Grinder for 3 turns
  5963 | D:6      | Killed Grinder
  5963 | D:6      | Reached XP level 9. HP: 82/82 MP: 8/8
  6105 | D:6      | Found a burning altar of Makhleb.
  6129 | D:6      | Noticed Blork the orc
  6142 | D:6      | Killed Blork the orc
  6176 | D:6      | Found an oddly glowing altar of Pakellas.
  6463 | D:6      | Found a radiant altar of Vehumet.
  6765 | D:4      | Bought a battleaxe for 214 gold pieces
  7095 | D:7      | Reached skill level 10 in Fighting
  7397 | D:7      | Found a staircase to the Ecumenical Temple.
  7686 | D:8      | Reached **** piety under Trog
  7813 | D:8      | Found an iron altar of Okawaru.
  8750 | D:9      | Reached XP level 10. HP: 94/97 MP: 9/9
  8766 | D:9      | Found a staircase to the Orcish Mines.
  8770 | D:9      | Noticed crawlian's ghost (novice TeMo)
  8780 | D:9      | Killed crawlian's ghost
  8990 | D:9      | Reached skill level 5 in Armour
  8999 | D:9      | Reached skill level 5 in Dodging
  9037 | D:9      | HP: 3/97 [killer bee (6)]
  9038 | D:9      | HP: 1/97 [poisoned by a killer bee]
  9043 | D:9      | HP: 1/97 [poisoned by a killer bee]
  9430 | D:9      | Found a sacrificial altar of Ru.
  9697 | D:9      | Found a glowing silver altar of Zin.
  9971 | D:10     | Entered Level 10 of the Dungeon
 10127 | D:10     | Noticed Psyche
 10139 | D:10     | Killed Psyche
 10232 | D:10     | Noticed a hill giant
 10251 | D:10     | Killed a hill giant
 10553 | D:10     | Found a shimmering altar of Xom.
 10786 | D:10     | Noticed a hill giant
 10792 | D:10     | Killed a hill giant
 10792 | D:10     | Reached XP level 11. HP: 86/104 MP: 10/10
 10956 | D:11     | Killed an unseen horror
 11161 | D:11     | Noticed a hill giant
 11173 | D:11     | Killed a hill giant
 11349 | D:11     | Reached ***** piety under Trog
 11381 | D:11     | Found a staircase to the Lair.
 11765 | D:12     | Noticed Erolcha
 11774 | D:12     | Killed Erolcha
 11833 | D:12     | Noticed a white ugly thing
 11843 | D:12     | Noticed a cyan ugly thing
 11843 | D:12     | Killed a white ugly thing
 11843 | D:12     | Reached skill level 10 in Armour
 11849 | D:12     | Killed a cyan ugly thing
 11969 | D:12     | Reached skill level 10 in Dodging
 12052 | D:12     | Noticed a hill giant
 12055 | D:12     | Noticed Sonja
 12059 | D:12     | Killed a hill giant
 12421 | D:12     | Killed Sonja
 12432 | D:12     | Noticed Urug
 12598 | D:12     | Killed Urug
 12927 | D:12     | You fall through a shaft for 2 floors!
 12927 | D:14     | Noticed Rupert
 12945 | D:14     | HP: 1/104 [Rupert/battleaxe of chopping (19)]
 12945 | D:14     | Slain by Rupert

Vault maps used:
D:1:      lemuel_arrival_lava_pool, grunt_decor_arrowhead,
          hangedman_decor_clover_reticule
D:2:      grunt_temple_overflow_holy_war, lemuel_round_altar,
          overflow_temple_1_default, overflow_temple_1_default, led_sif_pool
D:3:      minmay_cut_off
D:4:      lemuel_doored_altar, lemuel_coloured_pillars_altar, serial_shops,
          nicolae_shop_competitors_out_of_business, first_bread, uniq_pikel,
          uniq_sigmund, uniq_crazy_yiuf_cottage
D:5:      uniq_prince_ribbit1
D:6:      makhleb_grotto_becter, kennysheep_mini, vehumet_altar_wand_db,
          uniq_grinder, uniq_blork_the_orc
D:7:      minmay_temple_entry_grid, nrook_mini_vaults
D:8:      kennysheep_mini_moat, enter_bailey_8, the_bakery, lightli_orcish_oven
D:9:      lemuel_crystal_altar, lemuel_round_altar, orc_0_dummy
D:10:     basic_altar, centaur_isle, uniq_psyche
D:11:     lair_0_dummy
D:12:     uniq_erolcha, uniq_urug, uniq_sonja
D:14:     david_vaults_4, nicolae_gozag_seed_capital, lemuel_tele_altar,
          uniq_nessos, uniq_rupert

Action                   |  1- 3 |  4- 6 |  7- 9 | 10-12 || total
-------------------------+-------+-------+-------+-------++-------
Melee: Hand axe          |    61 |   132 |   201 |       ||   394
       Unarmed           |       |       |     6 |       ||     6
       Battleaxe         |       |       |   107 |   272 ||   379
Invok: Berserk           |       |     3 |    11 |    11 ||    25
       Brothers in Arms  |       |       |       |     3 ||     3
       Trog's Hand       |       |       |       |     2 ||     2
       Burn Spellbooks   |       |       |       |     2 ||     2
  Use: Scroll            |       |       |     4 |    10 ||    14
       Potion            |       |       |       |     4 ||     4
  Eat: Chunk             |     2 |     9 |    11 |    12 ||    34
       Meat ration       |       |       |     2 |     2 ||     4
       Bread ration      |       |       |     1 |       ||     1
       Beef jerky        |       |       |     1 |       ||     1
       Pizza             |       |       |     1 |     1 ||     2
       Fruit             |       |       |       |     1 ||     1
